 Dungeon Crawl Stone Soup version 0.22-a0-785-g6253c82ace (webtiles) character file.

217 Holzbalken the Slasher (level 5, -2/38 HPs)
             Began as a Vampire Gladiator on July 20, 2018.
             Killed from afar by Blork the orc (5 damage)
             ... with a puff of flame
             ... on level 5 of the Dungeon.
             The game lasted 00:11:20 (4321 turns).

Holzbalken the Slasher (Vampire Gladiator)          Turns: 4321, Time: 00:11:21

Health: -2/38      AC:  6    Str: 13    XL:     5   Next: 62%
Magic:  0/5        EV: 14    Int: 11    God:
Gold:   162        SH:  0    Dex: 16    Spells: 4/4 levels left

rFire    . . .     SeeInvis +   a - +0 long sword
rCold    + . .     Gourm    .   (no shield)
rNeg     + + .     Faith    .   b - +0 leather armour
rPois    +         Spirit   +   c - +0 helmet
rElec    .         Reflect  .   p - +1 cloak
rCorr    .         Harm     .   (no gloves)
MR       .....                  (no boots)
Stlth    +++.......             j - amulet of guardian spirit
HPRegen  0.06/turn              l - ring of stealth
MPRegen  0.09/turn              (no ring)

@: regenerating slowly
A: fangs 3, see invisible, unbreathing
a: Bat Form


You were on level 5 of the Dungeon.
You were thirsty.

You visited 1 branch of the dungeon, and saw 5 of its levels.

You collected 162 gold pieces.

Inventory:

Hand Weapons
 a - a +0 long sword (weapon)
 r - a cursed -3 short sword
Missiles
 d - 3 throwing nets (quivered)
Armour
 b - a +0 leather armour (worn)
 c - a +0 helmet (worn)
 p - a +1 cloak (worn)
Jewellery
 j - an amulet of guardian spirit (around neck)
 l - a ring of stealth (left hand)
Wands
 o - a wand of iceblast (10)
Scrolls
 f - a scroll of enchant armour {unknown}
 g - 5 scrolls of identify {unknown}
 h - 2 scrolls of amnesia {unknown}
 i - 2 scrolls of remove curse
 m - 2 scrolls of blinking {unknown}
Potions
 e - 12 potions of blood
 k - a potion of cancellation {unknown}
 n - a potion of heal wounds {unknown}
 q - 2 potions of magic {unknown}


   Skills:
 - Level 1.7 Fighting
 * Level 5.5 Long Blades
 - Level 1.5 Throwing
 + Level 4.8 Dodging


You had 4 spell levels left.
You didn't know any spells.
Your spell library was empty.

Dungeon Overview and Level Annotations

Branches:
Dungeon (5/15)
 Temple: D:4-7

Altars:
Wu Jian

Annotations:
D:5 Blork the orc


Innate Abilities, Weirdness & Mutations

You heal slowly.
You have razor-sharp teeth.
You have supernaturally acute eyesight. (SInv)
You can survive without breathing.


Message History

Blork the orc is moderately wounded.
Blork the orc hits you with a war axe of freezing!
Blork the orc freezes you.
* * * LOW HITPOINT WARNING * * *
You hit Blork the orc.
Blork the orc is heavily wounded.
Blork the orc closely misses you.
You closely miss Blork the orc.
Blork the orc is heavily wounded.
Blork the orc hits you with a war axe of freezing!
* * * LOW HITPOINT WARNING * * *
Blork the orc freezes you.
* * * LOW HITPOINT WARNING * * *
You slash Blork the orc!
Blork the orc is severely wounded.
You hit Blork the orc.
Blork the orc is almost dead.
Blork the orc casts a spell at you. The puff of flame hits you!
You die...

...#####.......
.......#.......
#.....#....$..
#.......o.....
.............
...........
#########.........
#.....@o..........
#.#############...
#.#.....#
#.#.###.#
#.#...#.#
#.#<#.#.#
#.#.#.#.#
#.#.#.#.#
#.#.#.#.#


You could see Blork the orc.

Vanquished Creatures
  2 worker ants (D:4)
  A hound skeleton (D:5)
  7 adders
  2 oozes (D:2)
  2 dart slugs (D:1)
  9 orcs
  4 giant cockroaches
  7 goblins
  11 hobgoblins
  2 jackals (D:3)
  6 kobolds
  2 quokkas
  A ball python (D:4)
  6 bats
  4 frilled lizards
  A quokka skeleton (D:3)
  10 rats
77 creatures vanquished.

Notes
Turn   | Place    | Note
-------+----------+-------------------------------------------
     0 | D:1      | Holzbalken the Vampire Gladiator began the quest for the Orb.
     0 | D:1      | Reached XP level 1. HP: 16/16 MP: 1/1
    96 | D:1      | Reached XP level 2. HP: 22/22 MP: 2/2
   883 | D:2      | Reached XP level 3. HP: 27/27 MP: 3/3
   991 | D:2      | Reached skill level 4 in Long Blades
  1535 | D:2      | Reached XP level 4. HP: 24/33 MP: 1/4
  1633 | D:2      | Found an ornate altar of the Wu Jian Council.
  3318 | D:4      | Reached skill level 5 in Long Blades
  3686 | D:4      | Reached XP level 5. HP: 26/38 MP: 2/5
  4221 | D:5      | Entered Level 5 of the Dungeon
  4291 | D:5      | Noticed Blork the orc
  4321 | D:5      | Killed from afar by Blork the orc

Vault maps used:
D:1:      scummos_arrival_simple_crosswalls, minmay_tromino_mix6
D:2:      nicolae_overflow_crystal_walls
D:3:      lemuel_flame_loot_1
D:4:      serial_bayou_pond_b, uniq_duvessa
D:5:      first_ration, uniq_blork_the_orc

Skill      XL: |  1  2  3  4 |
---------------+-------------+-----
Long Blades    | 4 5 |  5.5
Dodging        | 4 |  4.8
Fighting       | |  1.7
Throwing       | |  1.5

Action                   |  1- 3 |  4- 6 || total
-------------------------+-------+-------++-------
Melee: Long sword        |    81 |   150 ||   231
       Bite              |     9 |    16 ||    25
  Use: Potion            |       |     7 ||     7
       Scroll            |       |     2 ||     2
 Stab: Distracted        |     1 |       ||     1
       Sleeping          |     2 |     8 ||    10
Armor: Leather armour    |    22 |    32 ||    54
Dodge: Dodged            |    52 |   108 ||   160
       Rpst.: Long sword |    19 |    31 ||    50

Table legend:
 A = Spawn XP
 B = Non-spawn XP
 C = Spawn XP percentage of total XP
 D = Spawn monster count
 E = Non-spawn monster count
 F = Spawn count percentage of total count
 G = Total turns spent on level
                    A         B        C        D         E        F      G
               +---------+---------+-------+---------+---------+-------+---------
         Total |       0 |     311 |   0.0 |       0 |      77 |   0.0 |  4321
               +---------+---------+-------+---------+---------+-------+---------
           D:1 |       0 |      37 |   0.0 |       0 |      21 |   0.0 |   847
           D:2 |       0 |      82 |   0.0 |       0 |      21 |   0.0 |  1134
           D:3 |       0 |      56 |   0.0 |       0 |      24 |   0.0 |  1368
           D:4 |       0 |     118 |   0.0 |       0 |      10 |   0.0 |   872
           D:5 |       0 |      18 |   0.0 |       0 |       1 |   0.0 |   100
               +---------+---------+-------+---------+---------+-------+---------
